 Dungeon Crawl Stone Soup version 0.21.1-1-g345015fe64 (webtiles) character file.

191983 Ejeck the Warrior (level 17, -8/255 HPs)
             Began as a Minotaur Berserker on July 7, 2018.
             Was a High Priest of Trog.
             Mangled by an azure jelly (11 damage)
             ... created by the Royal Jelly
             ... on level 5 of the Pits of Slime on July 9, 2018.
             The game lasted 04:38:05 (32886 turns).

Ejeck the Warrior (Minotaur Berserker)             Turns: 32886, Time: 04:38:06

Health: -8/255     AC: 28    Str: 38    XL:     17   Next: 59%
Magic:  22/22      EV: 10    Int:  1    God:    Trog [*****.]
Gold:   1845       SH: 20    Dex: 14    Spells: 16/16 levels left

rFire    + + .     SeeInvis .   M - +10 morningstar of Imminent Death {flame, +Inv rPois Str+5 Int-3 Dex-2}
rCold    + . .     Gourm    .   Q - +2 shield
rNeg     . . .     Faith    .   G - +9 plate armour {ponderous}
rPois    +         Spirit   .   z - +1 hat
rElec    +         Reflect  +   j - scarf {repulsion}
rCorr    +         Harm     .   o - +0 pair of gloves "Qinurim" {rF+} (curse)
MR       +....     Rnd*Rage +   P - +0 pair of boots
Stlth    ..........             i - +3 amulet of reflection
HPRegen  0.00/turn              x - ring of resist corrosion
MPRegen  0.18/turn              C - +5 ring of dexterity

@: berserking, resistant, corroded, repel missiles, very quick
A: retaliatory headbutt, horns 2, talons 1, berserk 1, blurry vision 2,
inhibited regeneration, subdued magic 2
}: 1/15 runes: decaying
a: Berserk, Trog's Hand, Brothers in Arms, Burn Spellbooks, Renounce Religion,
Evoke Invisibility


You were on level 5 of the Pits of Slime.
You worshipped Trog.
Trog was extremely pleased with you.
You were very hungry.

You visited 5 branches of the dungeon, and saw 32 of its levels.
You visited the Abyss 1 time.
You also visited: Labyrinth.

You collected 3090 gold pieces.
You spent 1245 gold pieces at shops.

Inventory:

Hand Weapons
 M - the +10 morningstar of Imminent Death (weapon) {flame, +Inv rPois Str+5 Int-3 Dex-2}
   (Trog gifted it to you on level 1 of the Swamp)

   It has been specially enchanted to burn those struck by it, causing extra
   injury to most foes and up to half again as much damage against particularly
   susceptible opponents.
   It affects your strength (+5).
   It affects your intelligence (-3).
   It affects your dexterity (-2).
   It protects you from poison.
   It lets you turn invisible.
 U - a +2 demon whip of flaming
Armour
 j - a scarf of repulsion (worn)
 o - the cursed +0 pair of gloves "Qinurim" (worn) {rF+}
   (You found it in a labyrinth)

   It protects you from fire.
   It has a curse placed upon it.
 z - a +1 hat (worn)
 A - a +6 chain mail of poison resistance
 G - a +9 plate armour of ponderousness (worn)
 P - a +0 pair of boots (worn)
 Q - a +2 shield (worn)
Jewellery
 i - a +3 amulet of reflection (around neck)
 x - a ring of resist corrosion (left hand)
 C - a +5 ring of dexterity (right hand)
 H - a cursed -3 ring of protection {unknown}
Wands
 a - a wand of iceblast (4)
 b - a wand of acid (16)
 I - a wand of flame (18)
 J - a wand of digging (27)
 V - a wand of paralysis (8)
Scrolls
 g - 10 scrolls of teleportation
 m - a scroll of blinking
 p - 2 scrolls of vulnerability {unknown}
 s - a scroll of acquirement {unknown}
 u - 4 scrolls of fear
 y - 3 scrolls of random uselessness {unknown}
 D - 9 scrolls of remove curse
 E - a scroll of summoning {unknown}
 K - 7 scrolls of immolation
 L - 4 scrolls of magic mapping
 R - 2 scrolls of identify
 S - a scroll of fog {unknown}
 W - a scroll of holy word {unknown}
Potions
 d - a potion of resistance
 f - 4 potions of haste
 h - 4 potions of curing
 k - 3 potions of heal wounds
 l - 3 potions of cancellation
 n - 2 potions of magic {unknown}
 q - a potion of experience {unknown}
 r - 2 potions of brilliance {unknown}
 t - 3 potions of invisibility
 v - 3 potions of ambrosia
 w - 3 potions of berserk rage
 B - 3 potions of might
 F - 2 potions of flight
 N - 5 potions of lignification
 O - 2 potions of agility
Comestibles
 c - 2 rations


   Skills:
 * Level 19.8 Fighting
 - Level 17.0 Maces & Flails
 + Level 19.0 Armour
 - Level 2.1 Dodging
 + Level 14.4 Shields
 - Level 9.2 Evocations


You had 16 spell levels left.
You didn't know any spells.

Dungeon Overview and Level Annotations

Branches:
Dungeon (15/15)            Temple (0/1) D:7            Lair (6/6) D:11
  Swamp (4/4) Lair:4        Snake (0/4) Lair:4        Slime (5/5) Lair:6
    Orc (2/2) D:12            Elf (0/3) Orc:2        Vaults (0/5) D:13
 Depths (0/5) D:15

Altars:
Ashenzari
Cheibriados
Fedhas
Ru
Sif Muna
Wu Jian
Xom
Beogh
Jiyva

Shops:
D:6 (   D:10 [=   Orc:1 =   Orc:2 *!:!

Annotations:
Slime:5 Royal Jelly


Innate Abilities, Weirdness & Mutations

You reflexively headbutt those who attack you in melee.
You have a pair of horns on your head.
You have sharp toenails.
You tend to lose your temper in combat.
Scrolls take you longer to read.
You do not regenerate when monsters are visible.
Your spells are easier to cast, but less powerful.


Message History

The azure jelly hits you but does no damage.
The azure jelly barely misses you. You block the azure jelly's attack.
The azure jelly hits you but does no damage.
You spit the Royal Jelly like a pig!!! You burn the Royal Jelly!
Your hands burn!
* * * LOW HITPOINT WARNING * * *
You headbutt the Royal Jelly!!
The Royal Jelly is severely wounded.
The Royal Jelly shudders alarmingly.
The Royal Jelly spits out six more jellies.
The Royal Jelly hits you!!
* * * LOW HITPOINT WARNING * * *
You are splashed with acid!
The acid burns!
You resist.
* * * LOW HITPOINT WARNING * * *
You block the Royal Jelly's attack.
The azure jelly hits you but does no damage. x4
The azure jelly hits you.
* * * LOW HITPOINT WARNING * * *
The azure jelly freezes you! You resist.
You die...

#..................#
##..................#
##...................#
##...................##
##....................#
###......O..............#
......JJ.J.............##
.......JJJJ....<........#
......JJJ@J.......##.....#
.......JJJ......#.#####.##
........J......#### .#
..............##
.............##
..............
.............#
.............


You could see the Royal Jelly, 2 acid blobs, 6 azure jellies, 6 death oozes and
a friendly ogre (berserk).

Vanquished Creatures
  12 acid blobs
  A thorn hunter (Swamp:4)
  Frances (D:13)
  7 azure jellies
  An orc warlord (Orc:1)
  Louise (Swamp:3)
  A very ugly thing (Swamp:4)
  A death ooze (Slime:2)
  A minotaur (Lab)
  An ogre mage (D:15)
  5 great orbs of eyes
  16 hydras
  2 catoblepae
  3 ice dragons
  8 vault guards (D:13)
  The ghost of abdbla the Fighter, a journeyman GrFi of Qazlal (Lair:1)
  8 two-headed ogres
  2 death knights (D:15)
  6 alligators
  A death yak (D:11)
  The ghost of GotenAND the Severer, a novice MiBe of Trog (D:8)
  2 tengu warriors (D:14)
  3 orc high priests (Orc:2)
  Nergalle (D:12)
  A skeletal warrior (D:15)
  A spriggan druid (Swamp:3)
  An unseen horror (D:11)
  2 swamp dragons
  3 shambling mangroves
  A wizard (D:14)
  3 orc knights (Orc:2)
  3 lindwurms (Lair:6)
  5 shining eyes
  4 orc sorcerers
  2 deep elf magi
  A salamander (shapeshifter) (D:15)
  9 ugly things
  3 cyclopes
  A manticore (D:11)
  14 elephants
  3 gargoyles
  2 black mambas (Lair:5)
  An eye of devastation (Slime:1)
  14 spiny frogs
  5 torpor snails (Lair:6)
  A yaktaur (D:15)
  6 freezing wraiths
  An efreet (D:14)
  5 rime drakes
  A kobold demonologist (D:15)
  9 komodo dragons
  8 trolls
  6 meliai (D:14)
  20 hornets
  6 tyrant leeches
  25 blink frogs
  A wind drake (shapeshifter) (D:15)
  61 slime creatures
  8 hippogriffs
  5 bog bodies
  7 dream sheep (Lair:6)
  A meliai zombie (D:14)
  A shadow (D:11)
  8 spriggans
  6 wraiths
  2 vampires
  44 yaks
  Eustachio (D:4)
  5 basilisks
  3 fire bats (Lair:6)
  A steam dragon (D:11)
  5 swamp worm simulacra (Swamp:4)
  6 hungry ghosts
  3 wargs
  27 vampire mosquitoes
  13 insubstantial wisps
  3 nagas (Lair:4)
  10 swamp worms
  13 water moccasins
  12 hydra simulacra (Swamp:4)
  11 porcupines
  3 ice beasts
  5 swamp drakes
  30 orc warriors
  2 sky beasts
  27 ogres
  6 eyes of draining
  4 phantoms
  3 wolves (Lair:6)
  A centaur (D:7)
  5 crocodiles
  16 bullfrogs
  4 big kobolds
  A wyvern skeleton (D:13)
  2 scorpions
  5 wights (D:13)
  The ghost of tidbits the Grave Robber, a weakling GnNe (D:5)
  2 electric eels
  2 howler monkeys
  2 centaur zombies
  5 crimson imps
  A gnoll shaman (D:8)
  A quasit (D:3)
  A bullfrog zombie (D:13)
  3 hounds
  2 centaur skeletons
  22 orc priests
  2 jellies
  23 orc wizards
  2 bullfrog skeletons
  4 iguanas
  9 worker ants
  8 gnolls
  9 adders
  3 white imps (Lair:4)
  3 swamp drake simulacra (Swamp:4)
  2 oozes
  An adder skeleton (D:7)
  2 worms
  A ball lightning (Swamp:4)
  2 dart slugs
  2 leopard geckos
  104 orcs
  2 ball pythons
  8 bats
  4 giant cockroaches
  4 goblins
  8 hobgoblins
  8 jackals
  19 kobolds
  2 quokkas
  6 frilled lizards
  A quokka zombie (D:8)
  3 rats
  A briar patch (Swamp:4)
  2 fungi
911 creatures vanquished.

Vanquished Creatures (collateral kills)
  Nikola (Swamp:3)
  An orc warlord (Orc:2)
  Josephine (D:13)
  A hydra (Swamp:3)
  An ice dragon (Swamp:4)
  A two-headed ogre (D:15)
  An orc high priest (Orc:2)
  4 spriggans
  A deep elf knight (D:15)
  A swamp dragon (Swamp:2)
  An unseen horror (D:15)
  A spriggan druid (Swamp:3)
  A deep elf archer (D:15)
  2 deep elf magi (D:15)
  3 orc sorcerers
  4 ugly things (D:15)
  A manticore (D:15)
  A spiny frog (Swamp:3)
  A centaur skeleton (D:15)
  2 hornets
  A bog body (Swamp:3)
  5 slime creatures
  A shadow (Swamp:2)
  A wraith (D:13)
  2 vampire mosquitoes (Swamp:2)
  A warg (Orc:2)
  A swamp worm (Swamp:2)
  A hydra simulacrum (Swamp:4)
  7 orc warriors
  An eye of draining (D:15)
  A sky beast (D:15)
  A centaur (D:15)
  A hound (D:11)
  9 orc priests (Orc:2)
  7 orcs (Orc:2)
70 creatures vanquished.

Vanquished Creatures (others)
  A swamp dragon (Swamp:4)
  A spiny frog (Swamp:4)
  A tyrant leech (Swamp:4)
  5 dream sheep (Lair:1)
  A swamp worm (Swamp:4)
  An orc priest (Orc:2)
  A worker ant (D:14)
  An orc (D:15)
  A briar patch (Swamp:4)
  36 bushes
  28 fungi
  35 plants
112 creatures vanquished.

Grand Total: 1093 creatures vanquished

Notes
Turn   | Place    | Note
-------+----------+-------------------------------------------
     0 | D:1      | Ejeck the Minotaur Berserker began the quest for the Orb.
     0 | D:1      | Reached XP level 1. HP: 19/19 MP: 0/0
   156 | D:1      | Reached XP level 2. HP: 26/26 MP: 1/1
   393 | D:1      | Reached skill level 5 in Maces & Flails
   692 | D:2      | Reached XP level 3. HP: 31/31 MP: 2/2
  1025 | D:2      | Reached ** piety under Trog
  1146 | D:2      | Reached XP level 4. HP: 35/39 MP: 3/3
  1388 | D:3      | Found a shattered altar of Ashenzari.
  1622 | D:3      | Reached XP level 5. HP: 45/45 MP: 4/4
  1909 | D:3      | Found a snail-covered altar of Cheibriados.
  2057 | D:4      | Reached XP level 6. HP: 27/51 MP: 5/5
  2394 | D:4      | Reached skill level 5 in Armour
  2394 | D:4      | Reached XP level 7. HP: 57/57 MP: 6/6
  2721 | D:4      | Noticed Eustachio
  2746 | D:4      | Killed Eustachio
  2988 | D:5      | Entered Level 5 of the Dungeon
  3048 | D:5      | Found an ornate altar of the Wu Jian Council.
  3065 | D:5      | Reached *** piety under Trog
  3133 | D:5      | Reached XP level 8. HP: 64/67 MP: 7/7
  3174 | D:5      | Reached skill level 10 in Maces & Flails
  3194 | D:5      | Reached skill level 5 in Fighting
  3364 | D:5      | Found a sacrificial altar of Ru.
  3406 | D:5      | Noticed tidbits's ghost (weakling GnNe)
  3415 | D:5      | Killed tidbits's ghost
  4340 | D:6      | Reached XP level 9. HP: 64/79 MP: 8/8
  4343 | D:6      | Found Fijeehex's Antique Weapon Emporium.
  5146 | D:7      | Identified Notastri's Catalogue of Poisoning and Sinister Secrets
  5239 | D:7      | Found a staircase to the Ecumenical Temple.
  5550 | D:8      | Noticed a cyclops
  5564 | D:8      | Killed a cyclops
  5878 | D:8      | Reached **** piety under Trog
  5914 | D:8      | Noticed GotenAND's ghost (novice MiBe)
  5928 | D:8      | Killed GotenAND's ghost
  5991 | D:8      | Received a gift from Trog
  6102 | D:8      | You fall through a shaft!
  6111 | D:9      | Reached XP level 10. HP: 91/91 MP: 11/11
  6783 | D:10     | Entered Level 10 of the Dungeon
  6974 | D:10     | Found Bibuwnik's Jewellery Shoppe.
  7001 | D:10     | Bought an uncursed ring of resist corrosion for 240 gold pieces
  7024 | D:10     | Found Ynishy's Armour Shop.
  7032 | D:10     | Bought a +2 chain mail of poison resistance for 277 gold pieces
  7374 | D:10     | Reached skill level 10 in Armour
  7664 | D:11     | Noticed a manticore
  7679 | D:11     | Killed a manticore
  7774 | D:11     | Noticed a death yak
  7774 | D:11     | Noticed a six-headed hydra
  7785 | D:11     | Reached skill level 5 in Evocations
  7789 | D:11     | Killed a six-headed hydra
  7789 | D:11     | Reached skill level 10 in Fighting
  7797 | D:11     | Killed a death yak
  7805 | D:11     | Reached XP level 11. HP: 38/100 MP: 14/14
  8028 | D:11     | Found a staircase to the Lair.
  8133 | D:11     | Noticed a two-headed ogre
  8141 | D:11     | Killed a two-headed ogre
  8238 | D:11     | Killed an unseen horror
  8451 | D:11     | Found a blossoming altar of Fedhas.
  9090 | Lair:1   | Entered Level 1 of the Lair of Beasts
  9803 | Lair:1   | Found a shimmering altar of Xom.
 10138 | Lair:1   | Noticed abdbla's ghost (journeyman GrFi)
 10156 | Lair:1   | Killed abdbla's ghost
 10494 | Lair:2   | Noticed a six-headed hydra
 10505 | Lair:2   | Killed a six-headed hydra
 10746 | Lair:2   | Reached XP level 12. HP: 95/110 MP: 17/17
 12589 | Lair:4   | Reached skill level 1 in Shields
 12647 | Lair:4   | Noticed an ice dragon
 13055 | Lair:4   | Received a gift from Trog
 13437 | Lair:4   | Killed an ice dragon
 13472 | Lair:4   | Found a staircase to the Snake Pit.
 13757 | Lair:4   | Noticed a six-headed hydra
 13765 | Lair:4   | Killed a six-headed hydra
 13925 | Lair:4   | Reached skill level 5 in Shields
 14105 | Lair:4   | Found a staircase to the Swamp.
 14676 | Lair:5   | Noticed a six-headed hydra
 14687 | Lair:5   | Killed a six-headed hydra
 14754 | Lair:5   | Reached XP level 13. HP: 80/122 MP: 18/18
 15072 | Lair:5   | Reached ***** piety under Trog
 16025 | Lair:6   | Entered Level 6 of the Lair of Beasts
 16193 | Lair:6   | Found a dark tunnel.
 16436 | Lair:6   | Received a gift from Trog
 16587 | Lair:6   | Reached skill level 15 in Armour
 16975 | Lair:6   | Reached skill level 10 in Shields
 17612 | Lair:6   | Reached skill level 15 in Fighting
 17897 | Lair:6   | Reached XP level 14. HP: 117/135 MP: 19/19
 18265 | Lair:6   | Found a runed door.
 18993 | Lair:6   | Found a runed door.
 18993 | Lair:6   | Found a viscous altar of Jiyva.
 18993 | Lair:6   | Found a staircase to the Slime Pits.
 18993 | Lair:6   | Noticed an acid blob
 19217 | D:12     | Noticed Nergalle
 19228 | D:12     | Killed Nergalle
 19399 | D:12     | Found a staircase to the Orcish Mines.
 19527 | D:12     | Found a deep blue altar of Sif Muna.
 19594 | D:12     | Received a gift from Trog
 19915 | Orc:1    | Entered Level 1 of the Orcish Mines
 20179 | Orc:1    | Noticed an orc warlord
 20185 | Orc:1    | Found Sifriog's Jewellery Shoppe.
 20194 | Orc:1    | Killed an orc warlord
 20243 | Orc:1    | Bought a +3 amulet of reflection for 172 gold pieces
 20530 | Orc:2    | Entered Level 2 of the Orcish Mines
 21264 | Orc:2    | Found a roughly hewn altar of Beogh.
 21367 | Orc:2    | Found Turoc's Distillery.
 21377 | Orc:2    | Bought a potion of berserk rage for 60 gold pieces
 21377 | Orc:2    | Bought a potion of cancellation for 96 gold pieces
 21377 | Orc:2    | Bought a potion of ambrosia for 96 gold pieces
 21377 | Orc:2    | Bought a potion of invisibility for 96 gold pieces
 21377 | Orc:2    | Bought a potion of invisibility for 96 gold pieces
 21383 | Orc:2    | Found Wyubonlu's Book Shop.
 21574 | Orc:2    | Found a staircase to the Elven Halls.
 21769 | Orc:2    | Noticed an orc warlord
 21784 | Orc:2    | Killed an orc warlord
 21787 | Orc:2    | Received a gift from Trog
 21794 | Orc:2    | Found a roughly hewn altar of Beogh.
 21943 | Orc:2    | Found Fautaf's Assorted Antiques.
 21959 | Orc:2    | Bought a scroll of identify for 52 gold pieces
 22010 | Orc:2    | Found Sipuunyr's Distillery.
 22031 | Orc:2    | Bought a potion of heal wounds for 60 gold pieces
 22208 | D:13     | Found a labyrinth entrance.
 22213 | Lab      | Entered a labyrinth
 23077 | Lab      | Got a pair of polished gloves
 23078 | Lab      | Identified the cursed +0 pair of gloves "Qinurim" {rF+} (You found it in a labyrinth)
 23119 | D:13     | Noticed Frances
 23131 | D:13     | Killed Frances
 23202 | D:13     | Found a gate to the Vaults.
 23248 | D:13     | Reached XP level 15. HP: 114/146 MP: 20/20
 23782 | D:13     | Noticed Josephine
 23792 | D:13     | Killed Josephine
 24683 | D:14     | Found a blossoming altar of Fedhas.
 24967 | D:14     | Received a gift from Trog
 24982 | D:15     | Entered Level 15 of the Dungeon
 25369 | D:15     | Found a staircase to the Depths.
 25973 | D:15     | Paralysed by a great orb of eyes for 5 turns
 26464 | Swamp:1  | Entered Level 1 of the Swamp
 26664 | Swamp:1  | Reached XP level 16. HP: 143/159 MP: 21/21
 26699 | Swamp:1  | Received a gift from Trog
 26706 | Swamp:1  | Got an ebony morningstar {god gift}
 26707 | Swamp:1  | Identified the +10 morningstar of Imminent Death {flame, +Inv rPois Str+5 Int-3 Dex-2} (Trog gifted it to you on level 1 of the Swamp)
 27825 | Swamp:2  | Got a clouded iron ring
 27827 | Swamp:2  | Identified the ring of Satisfaction {Fire Str-5 SInv Stlth+} (You found it on level 2 of the Swamp)
 28288 | Swamp:3  | Noticed Louise
 28312 | Swamp:3  | Cast into level 2 of the Abyss (Louise)
 28334 | Swamp:3  | Escaped the Abyss
 28353 | Swamp:3  | Killed Louise
 28453 | Swamp:3  | Noticed Nikola
 28462 | Swamp:3  | Killed Nikola
 28462 | Swamp:3  | Received a gift from Trog
 28513 | Swamp:3  | Reached skill level 15 in Maces & Flails
 28828 | Swamp:4  | Entered Level 4 of the Swamp
 29207 | Swamp:4  | Noticed a thorn hunter
 29222 | Swamp:4  | Killed a thorn hunter
 29895 | Swamp:4  | Got a decaying rune of Zot
 30754 | Lair:6   | Killed an acid blob
 30764 | Slime:1  | Entered Level 1 of the Pits of Slime
 30766 | Slime:1  | Gained mutation: Your spells are a little easier to cast, but a little less powerful. [a shining eye]
 30773 | Slime:1  | Gained mutation: Scrolls take you a little longer to read. [a shining eye]
 30776 | Slime:1  | Noticed an acid blob
 30776 | Slime:1  | Gained mutation: You tend to lose your temper in combat. [a shining eye]
 30784 | Slime:1  | Killed an acid blob
 30915 | Slime:1  | Gained mutation: You often lose your temper in combat. [a shining eye]
 30917 | Slime:1  | Gained mutation: You have sharp toenails. [a shining eye]
 30922 | Slime:1  | Gained mutation: You do not regenerate when monsters are visible. [a shining eye]
 31088 | Slime:1  | Gained mutation: Your spells are easier to cast, but less powerful. [a shining eye]
 31095 | Slime:1  | Noticed an acid blob
 31095 | Slime:1  | Reached XP level 17. HP: 166/166 MP: 22/22
 31109 | Slime:1  | Killed an acid blob
 31395 | Slime:2  | Noticed an acid blob
 31399 | Slime:2  | Killed an acid blob
 31430 | Slime:2  | Noticed an acid blob
 31438 | Slime:2  | Killed an acid blob
 31919 | Slime:3  | Noticed an acid blob
 31925 | Slime:3  | Killed an acid blob
 32055 | Slime:3  | Noticed an acid blob
 32063 | Slime:3  | Killed an acid blob
 32073 | Slime:3  | Paralysed by a great orb of eyes for 6 turns
 32501 | Slime:4  | Noticed an acid blob
 32508 | Slime:4  | Killed an acid blob
 32599 | Slime:5  | Entered Level 5 of the Pits of Slime
 32610 | Slime:5  | Noticed an acid blob
 32615 | Slime:5  | Noticed an acid blob
 32625 | Slime:5  | Killed an acid blob
 32630 | Slime:5  | Killed an acid blob
 32648 | Slime:5  | Noticed an acid blob
 32688 | Slime:5  | Killed an acid blob
 32736 | Slime:5  | Gained mutation: Scrolls take you longer to read. [a shining eye]
 32738 | Slime:5  | Lost mutation: You often lose your temper in combat. [a shining eye]
 32868 | Slime:5  | Noticed the Royal Jelly
 32871 | Slime:5  | Noticed an acid blob
 32883 | Slime:5  | Killed an acid blob
 32885 | Slime:5  | Noticed an acid blob
 32886 | Slime:5  | Noticed an acid blob
 32886 | Slime:5  | HP: 9/255 [the Royal Jelly (35)]
 32886 | Slime:5  | HP: 4/255 [acid (5)]
 32886 | Slime:5  | Mangled by an azure jelly

Skill      XL: |  1  2  3  4  5  6  7  8  9 10 11 12 13 14 15 16 17 |
---------------+----------------------------------------------------+-----
Maces & Flails | 4 5 6 7 8 9 11 12 17 | 17.0
Armour         | 3 4 5 6 7 9 11 13 14 15 16 18 19 | 19.0
Fighting       | 4 7 9 10 11 13 15 16 18 19 | 19.8
Evocations     | 2 6 8 9 |  9.2
Shields        | 6 10 12 13 14 | 14.4
Dodging        | |  2.1

Action                   |  1- 3 |  4- 6 |  7- 9 | 10-12 | 13-15 | 16-18 || total
-------------------------+-------+-------+-------+-------+-------+-------++-------
Melee: Mace              |    70 |   111 |   291 |   617 |   513 |       ||  1602
       Headbutt          |    12 |    12 |    79 |   187 |   498 |   177 ||   965
       Demon whip        |       |       |       |       |  1003 |    20 ||  1023
       Morningstar       |       |       |       |       |       |   587 ||   587
Invok: Trog's Hand       |       |     1 |     5 |     8 |    14 |     8 ||    36
       Berserk           |       |     1 |     3 |     2 |    11 |     4 ||    21
       Brothers in Arms  |       |       |       |     1 |     9 |     9 ||    19
       Burn Spellbooks   |       |       |       |     1 |     5 |     1 ||     7
Evoke: Wand              |       |       |     3 |    29 |    34 |     6 ||    72
  Use: Scroll            |       |     6 |       |    20 |    12 |     1 ||    39
       Potion            |       |       |       |     1 |     3 |     4 ||     8
 Stab: Paralysed         |       |       |       |    23 |    32 |       ||    55
       Distracted        |       |       |       |       |     1 |       ||     1
  Eat: Ration            |     1 |     1 |     6 |     9 |    18 |     8 ||    43
Armor: Animal skin       |     7 |       |       |       |       |       ||     7
       Scale mail        |    16 |    62 |    75 |     7 |       |       ||   160
       Chain mail        |       |       |       |   250 |   508 |    55 ||   813
       Ring mail         |       |       |       |    10 |       |       ||    10
       Plate armour      |       |       |       |       |       |   176 ||   176
Dodge: Dodged            |    55 |    80 |    90 |   193 |   361 |   123 ||   902
       Deflected         |       |       |       |     7 |    14 |     6 ||    27
Block: Buckler           |       |       |       |    24 |   271 |       ||   295
       Reflection        |       |       |       |       |     6 |     7 ||    13
       Large shield      |       |       |       |       |   165 |       ||   165
       Shield            |       |       |       |       |   161 |   442 ||   603
